 Dungeon Crawl Stone Soup version 0.31-a0-486-g8d68a81214 (webtiles) character file.

Game seed: 9960198443057013839

123 javelincjr the Conjurer (level 5, -4/33 HPs)
             Began as an Octopode Conjurer on Aug 7, 2023.
             Slain by Grinder (6 damage)
             ... on level 3 of the Dungeon.
             The game lasted 00:10:20 (2438 turns).

javelincjr the Conjurer (Octopode Conjurer)         Turns: 2438, Time: 00:10:21

Health: -4/33      AC:  5    Str:  6    XL:     5   Next: 7%
Magic:  0/9        EV: 13    Int: 22    God:
Gold:   177        SH:  0    Dex: 11    Spells: 7/10 levels left

rFire   x . .        b - +0 spear
rCold   + . .        (no shield)
rNeg    . . .        (helmet restricted)
rPois   .            (no amulet)
rElec   .            c - +4 ring of protection
rCorr   .            e - ring of ice
SInv    .            (no ring)
Will    .....        (no ring)
Stlth   +++          (no ring)
HPRegen 0.25/turn    (no ring)
MPRegen 0.11/turn    (no ring)
                     (no ring)

%: no passive effects
@: no status effects
A: almost no armour, amphibious, 8 rings, camouflage 1, gelatinous body 1,
(nimble swimmer 1), tentacles
a: no special abilities


You were on level 3 of the Dungeon.
You visited 1 branch of the dungeon, and saw 3 of its levels.

You collected 177 gold pieces.

Inventory:

Hand Weapons
 b - a +0 spear (weapon)
 n - a +2 mace of holy wrath
 q - a +0 dagger of venom
Missiles
 j - 3 boomerangs
Jewellery
 c - a +4 ring of protection (left tentacle)
 e - a ring of ice (right tentacle)
Scrolls
 f - a scroll of poison {unknown}
 h - 2 scrolls of silence {unknown}
 l - a scroll of fear {unknown}
 o - 2 scrolls of identify {unknown}
Potions
 a - a potion of magic
 d - a potion of haste {unknown}
 g - a potion of ambrosia {unknown}
 i - a potion of enlightenment {unknown}
 k - a potion of curing {unknown}
 m - a potion of lignification {unknown}
 p - a potion of heal wounds {unknown}


   Skills:
 + Level 1.1 Fighting
 + Level 2.7 Dodging
 + Level 4.0 Stealth
 * Level 3.1 Spellcasting
 + Level 4.4 Conjurations


You had 7 spell levels left.
You knew the following spells:

 Your Spells              Type           Power      Damage    Failure   Level
a - Magic Dart            Conj           92%        1d7       1%          1
b - Searing Ray           Conj           46%        2d6       3%          2

Your spell library contained the following spells:

 Spells                   Type           Power      Damage    Failure   Level
 Dazzling Flash           Conj/Hex       26%        N/A       14%         3
 Fulminant Prism          Conj/Hex       6%         3d7       43%         4
 Iskenderun's Mystic Bla  Conj/Tloc      13%        2d5       43%         4


Dungeon Overview and Level Annotations

Branches:
Dungeon (3/15)

Altars:

Shops:
D:2 [   D:3 [

Annotations:
D:3 Grinder


Innate Abilities, Weirdness & Mutations

You cannot wear most types of armour.
You are amphibious.
You can wear up to eight rings at the same time.
Your skin changes colour to match your surroundings (Stealth+).
Your rubbery body absorbs attacks. (AC +1, EV +1)
((You are camouflaged when in or above water. (Stealth+)))
You have tentacles for arms and can constrict up to eight enemies at once.


Message History

The searing ray hits Grinder!
Grinder is heavily wounded.
You finish channelling your searing ray.
Grinder misses you.
Casting: Searing Ray (safe; 3% risk of failure)
Confirm with . or Enter, or press ? or * to list all spells.
Aiming: Searing Ray (safe; 3% risk of failure)
Press: ? - help, Shift-Dir - straight line, f/p - Grinder
Aim: Grinder (heavily wounded, 75% to hit)
The searing ray hits Grinder!
Grinder is heavily wounded. (Press . to maintain the ray.) Grinder barely misses you.
You hit Grinder. You grab Grinder.
Grinder is severely wounded.
You constrict Grinder, but do no damage.
Grinder barely misses you. Grinder hits you!
You writhe in agony.
You barely miss Grinder. You squeeze Grinder.
Grinder is severely wounded.
You constrict Grinder, but do no damage.
Grinder misses you.
You hit Grinder but do no damage.
Grinder is severely wounded.
You constrict Grinder. Grinder gestures at you. Pain shoots through your body!
* * * LOW HITPOINT WARNING * * *
You are too injured to fight recklessly!
Casting: Searing Ray (safe; 3% risk of failure)
Confirm with . or Enter, or press ? or * to list all spells.
Aiming: Magic Dart (safe; 1% risk of failure)
Press: ? - help, Shift-Dir - straight line, f/p - Grinder
Aim: Grinder (almost dead, constricted by you, 100% to hit)
The magic dart hits Grinder.
Grinder is almost dead.
You constrict Grinder, but do no damage.
Grinder hits you!
* * * LOW HITPOINT WARNING * * *
You writhe in agony.
You die...

###########†## #....
#..## #..# #..# #..#
#..# .######### #..#
......5@.# #..#
.#######.# #..# #.#
#..# #####.######
#..#
#..........######..#
#.###.............##
#...##.######.#
##'++†..# #.#
#.'∩+...# #.#


You could see Grinder.

Vanquished Creatures
  3 adders
  2 worms (D:2)
  3 dart slugs
  5 orcs (D:3)
  5 ball pythons
  11 bats
  4 endoplasms
  2 giant cockroaches
  6 goblins
  5 hobgoblins
  6 jackals
  3 quokkas (D:2)
  2 frilled lizards
  9 kobolds
  6 rats
72 creatures vanquished.

Notes
Turn   | Place    | Note
-------+----------+-------------------------------------------
     0 | D:1      | javelincjr the Octopode Conjurer began the quest for the
                  | Orb.
     0 | D:1      | Reached XP level 1. HP: 11/11 MP: 3/3
    38 | D:1      | Reached XP level 2. HP: 3/17 MP: 0/5
    89 | D:1      | Learned a level 2 spell: Searing Ray
   277 | D:1      | Found a faded altar of an unknown god.
   450 | D:1      | Reached XP level 3. HP: 21/21 MP: 4/6
  1195 | D:2      | Reached XP level 4. HP: 27/27 MP: 6/8
  1561 | D:2      | Found Suabrunik's Antique Armour Shoppe.
  1969 | D:3      | Reached skill level 1 in Fighting
  2341 | D:3      | Reached XP level 5. HP: 33/33 MP: 3/9
  2351 | D:3      | Found Raud's Armour Boutique.
  2416 | D:3      | Noticed Grinder
  2438 | D:3      | Slain by Grinder

Illustrated notes

Levels and vault maps discovered:
D:1:      eino_arrival_water_star, layout_rooms, ebering_ecumenical_altar_box,
          nicolae_wormholes
D:2:      layout_basic, serial_shops, shop, supply_closet_lemuel
D:3:      layout_loops_ring, nicolae_qazlal_eye_of_the_storm, serial_shops,
          nicolae_shop_tiny_real_fake_doors, uniq_grinder

Skill      XL: |  1  2  3  4 |
---------------+-------------+-----
Stealth        | 3 4 |  4.0
Spellcasting   | 3 |  3.1
Fighting       | 1 |  1.1
Dodging        | |  2.7
Conjurations   | |  4.4

Action                     |  1- 3 |  4- 6 || total
---------------------------+-------+-------++-------
  Melee: Spear             |    34 |    12 ||    46
         Constrict         |     7 |     3 ||    10
         Tentacles         |     4 |     3 ||     7
         Punch             |     1 |       ||     1
   Cast: Magic Dart        |    56 |    51 ||   107
         Searing Ray       |       |     4 ||     4
   Stab: Sleeping          |     1 |     1 ||     2
 Armour: Skin              |     9 |     8 ||    17
  Dodge: Dodged            |    15 |    14 ||    29

Table legend: (Time is in decaauts)
 A = Elapsed time spent in this place.
 B = Non-inter-level travel time spent in this place.
 C = Inter-level travel time spent in this place.
 D = Time resting spent in this place.
 E = Time spent auto-exploring this place.
 F = Levels seen in this place.
 G = Mean time per level.
                   A        B        C        D        E       F      G
               +--------+--------+--------+--------+--------+-----+--------+
         Total |   2440 |   2361 |     79 |     46 |   1970 |   3 |  813.3 |
       Dungeon |   2440 |   2361 |     79 |     46 |   1970 |   3 |  813.3 |
               +--------+--------+--------+--------+--------+-----+--------+

Top non-repeatable levels by time:
     D:2: 1179 daAuts
     D:1: 786 daAuts
     D:3: 474 daAuts
